 Dungeon Crawl Stone Soup version 0.19.1-1-g22dce08 (console) character file.

188 Grinner the Slasher (level 5, 0/45 HPs)
             Began as a Minotaur Monk on Jan 18, 2017.
             Drowned by a drowned soul (2 damage)
             ... summoned by a malarious merfolk avatar
             ... in a sewer.
             The game lasted 00:08:44 (3099 turns).

Grinner the Slasher (Minotaur Monk)                 Turns: 3099, Time: 00:08:45

Health: 0/45       AC:  4    Str: 15    XL:     5   Next: 39%
Magic:  4/4        EV: 14    Int:  7    God:
Gold:   200        SH:  4    Dex: 14    Spells: 0 memorised, 4 levels left

rFire  . . .     SeeInvis .     a - +0 falchion
rCold  . . .     Gourm    .     i - +1 robe {MR+}
rNeg   . . .     Faith    .     h - +0 buckler
rPois  .         Spirit   .     (helmet restricted)
rElec  .         Reflect  .     (no cloak)
rCorr  .         Harm     .     k - +0 pair of gloves
MR     +....                    (no boots)
Stlth  +.........               (no amulet)
                                (no ring)
                                (no ring)

@: mesmerised
A: retaliatory headbutt, horns 2
a: no special abilities


You were in a sewer.
You were not hungry.

You visited 1 branch of the dungeon, and saw 3 of its levels.
You also visited: Sewer.

You collected 200 gold pieces.

Inventory:

Hand Weapons
 a - a +0 falchion (weapon)
Armour
 h - a +0 buckler (worn)
 i - a +1 robe of magic resistance (worn)
 k - a +0 pair of gloves (worn)
Scrolls
 e - a scroll of magic mapping {unknown}
 g - a scroll of recharging {unknown}
 n - a scroll of enchant weapon {unknown}
 o - 2 scrolls of teleportation
Potions
 m - 3 potions of flight
Comestibles
 c - 3 bread rations
 d - 2 beef jerkies
 f - 3 meat rations
 l - a royal jelly


   Skills:
 - Level 3.6 Fighting
 + Level 5.2 Long Blades
 + Level 5.2 Dodging
 - Level 1.5 Stealth
 + Level 2.5 Shields


You had 4 spell levels left.
You didn't know any spells.

Dungeon Overview and Level Annotations

Branches:
Dungeon (3/15)

Altars:
Lugonu

Portals:
Abyss: D:1


Innate Abilities, Weirdness & Mutations

You reflexively headbutt those who attack you in melee.
You have a pair of horns on your head.


Message History

Your headbutt misses the malarious merfolk avatar.
The malarious merfolk avatar is almost dead.
You block the drowned soul's attack.
The malarious merfolk avatar chants a haunting song.
You resist with almost no effort.
Your unstable footing causes you to fumble your attack.
The drowned soul returns to the deep!
The drowned soul touches you. The drowned soul drowns you.
* * * LOW HITPOINT WARNING * * *
You hit the malarious merfolk avatar.
Your headbutt misses the malarious merfolk avatar.
The malarious merfolk avatar is almost dead.
The malarious merfolk avatar chants a haunting song.
You are mesmerised by the malarious merfolk avatar!
Your unstable footing causes you to fumble your attack.
The drowned soul returns to the deep!
The malarious merfolk avatar chants its luring song.
Your unstable footing causes you to fumble your attack.
The drowned soul touches you. The drowned soul drowns you.
You die...

≈≈≈≈≈≈≈≈≈≈≈≈
≈≈≈≈≈≈≈≈≈≈≈≈≈
#≈≈≈≈≈≈≈≈≈≈≈≈
+.≈≈≈≈≈≈≈≈≈≈≈ ####
#.≈≈≈≈≈≈≈W≈≈≈ #..#
#.≈≈≈≈≈≈≈≈≈≈≈ #..#
#.≈≈≈≈≈≈≈≈≈≈≈
#..###≈≈≈†≈m≈≈≈≈≈≈
#######..#≈≈≈≈≈≈@≈W≈≈≈≈≈
≈≈≈≈≈≈≈≈≈≈≈≈≈≈≈≈≈≈≈≈≈≈≈≈
#######††#≈≈≈≈≈≈≈≈≈≈≈≈≈≈
.≈≈# #†.###≈≈≈≈≈≈≈≈≈≈≈≈
#≈≈# ##.## #≈≈≈≈≈≈≈≈≈≈≈≈
#..###.†# ##≈≈≈≈≈≈≈≈≈≈≈
##.....## ≈≈≈≈≈≈≈≈≈≈≈≈
####### ≈≈≈≈≈≈≈≈≈≈≈≈≈
≈≈≈≈


You could see a malarious merfolk avatar and 2 drowned souls.

Vanquished Creatures
  A siren (Sewer)
  A river rat (Sewer)
  5 adders
  2 worms
  2 dart slugs (D:1)
  10 leopard geckos
  5 ball pythons
  7 bats
  8 giant cockroaches
  7 goblins
  5 hobgoblins
  4 jackals (D:1)
  2 kobolds (D:1)
  10 frilled lizards
  29 rats
98 creatures vanquished.

Notes
Turn   | Place    | Note
-------+----------+-------------------------------------------
     0 | D:1      | Grinner the Minotaur Monk began the quest for the Orb.
     0 | D:1      | Reached XP level 1. HP: 19/19 MP: 0/0
    34 | D:1      | Reached XP level 2. HP: 15/26 MP: 1/1
   438 | D:1      | Reached XP level 3. HP: 29/31 MP: 2/2
   833 | D:1      | Found a one-way gate to the infinite horrors of the Abyss.
   833 | D:1      | Found a corrupted altar of Lugonu.
   833 | D:1      | Noticed a demonic crawler
  1701 | D:2      | Reached XP level 4. HP: 26/39 MP: 3/3
  1827 | D:2      | Reached skill level 1 in Shields
  1991 | D:2      | Found a faded altar of an unknown god.
  2697 | D:3      | Found a glowing drain.
  2701 | Sewer    | Entered a sewer
  2783 | Sewer    | Reached skill level 5 in Long Blades
  2962 | Sewer    | Reached skill level 5 in Dodging
  2962 | Sewer    | Reached XP level 5. HP: 45/45 MP: 4/4
  3096 | Sewer    | HP: 2/45 [drowned by a drowned soul[a malarious merfolk avatar] (3)]
  3099 | Sewer    | Drowned by a drowned soul

Skill      XL: |  1  2  3  4 |
---------------+-------------+-----
Long Blades    | 4 5 |  5.2
Dodging        | 4 5 |  5.2
Shields        | 2 |  2.5
Fighting       | |  3.6
Stealth        | |  1.5

Action                   |  1- 3 |  4- 6 || total
-------------------------+-------+-------++-------
Melee: Falchion          |    74 |   155 ||   229
       Headbutt          |     5 |    17 ||    22
  Use: Potion            |       |     2 ||     2
       Scroll            |       |     1 ||     1
 Stab: Sleeping          |     9 |     5 ||    14
  Eat: Chunk             |     1 |     6 ||     7
Armor: Robe              |     4 |    32 ||    36
Dodge: Dodged            |    63 |    70 ||   133
Block: Buckler           |       |    28 ||    28
       Rpst.: Falchion   |    11 |    21 ||    32
